 Dungeon Crawl Stone Soup version 0.15-a0-2374-gaadabb3 (webtiles) character file.

60 Ololoev the Grave Robber (level 3, -17/24 HPs)
             Began as a Mummy Necromancer on Aug 1, 2014.
             Demolished by an orc
             ... wielding a +3 short sword of electrocution
              (19 damage)
             ... on Level 3 of the Dungeon.
             The game lasted 00:05:03 (2209 turns).

Ololoev the Grave Robber (Mummy Necromancer)        Turns: 2209, Time: 00:05:06

HP -17/24        AC  3     Str 11      XL: 3   Next: 80%
MP   6/6         EV 12     Int 15      God:
Gold 76          SH  0     Dex 12      Spells:  2 memorised,  5 levels left

rFire  x . .     SeeInvis .     c - +2 hand axe (elec)
rCold  + . .     Clarity  .     a - +0 robe
rNeg   + + +     rCorr    .     (no shield)
rPois  +         rRot     +     (no helmet)
rElec  .         Spirit   .     k - +0 cloak {MR+}
SustAb .         Warding  .     (no gloves)
rMut   .         Stasis   .     (no boots)
Gourm  .                        (no amulet)
MR     +....                    (no ring)
                                (no ring)

@: somewhat resistant to hostile enchantments, unstealthy
A: no food or potions, fire vulnerability, restore body, cold resistance 1,
negative energy resistance 3, poison resistance, torment resistance, unbreathing
a: no special abilities


You were on level 3 of the Dungeon.
You were not hungry.

You visited 1 branch of the dungeon, and saw 3 of its levels.

You collected 76 gold pieces.

Inventory:

Hand weapons
 c - a +2 hand axe of electrocution (weapon)
Armour
 a - a +0 robe (worn)
 k - a +0 cloak of magic resistance (worn)
Magical devices
 j - a wand of enslavement (15) {unknown}
Scrolls
 d - a scroll of enchant armour {unknown}
 e - 2 scrolls of identify {unknown}
 f - a scroll of random uselessness {unknown}
 g - a scroll of blinking {unknown}
 h - a scroll of noise {unknown}
 i - 2 scrolls of amnesia {unknown}
Books
 b - a book of Necromancy

   Spells                             Type                      Level
   *Pain                              Necromancy                   1
   *Animate Skeleton                  Necromancy                   1
   Vampiric Draining                  Necromancy                   3
   Regeneration                       Charms/Necromancy            3
   Animate Dead                       Necromancy                   4
   Control Undead                     Necromancy                   4


   Skills:
 - Level 1.5 Dodging
 - Level 1.5 Stealth
 + Level 2.9 Spellcasting
 + Level 4.9 Necromancy


You had 5 spell levels left.
You knew the following spells:

 Your Spells              Type           Power        Failure   Level  Hunger
a - Pain                  Necr           ###.         2%          1    N/A
b - Animate Skeleton      Necr           N/A          2%          1    N/A

Dungeon Overview and Level Annotations

Branches:
Dungeon (3/15)

Altars:


Innate Abilities, Weirdness & Mutations

You do not eat or drink.
Your flesh is vulnerable to fire.
Your flesh is cold resistant.
You are immune to negative energy.
Your system is resistant to poisons.
You are immune to unholy pain and torment.
You can survive without breathing.


Message History

You barely miss the orc.
The orc hits you with a glowing short sword!
You closely miss the orc. The orc barely misses you.
The orc hits you with a glowing short sword.
You closely miss the orc. The orc misses you.
You hit the orc.
The orc is almost dead.
The orc hits you with a glowing short sword.
You closely miss the orc.
The orc is almost dead.
The orc hits you but does no damage.
You are electrocuted!
* * * LOW HITPOINT WARNING * * *
The orc closely misses you.
You barely miss the orc.
The orc is almost dead.
The orc hits you with a short sword of electrocution.
* * * LOW HITPOINT WARNING * * *
You are electrocuted!
Ouch! That really hurt!
You die...

#########
.#####......<# #
..............# ..=.
#####...###..# ...#.
#.........#..# ...#.#
#.###.....#..# .....
#..#..#..# ...#
#.......@# ...#
#......o######...#####
####..#...............
#........o.........
#.##..............
#.#########...#### #.#
...# ..# .#.# ## .o.#


You could see an orc.

Vanquished Creatures
  Crazy Yiuf (D:2)
  A worm (D:2)
  A giant gecko (D:1)
  An orc (D:2)
  3 giant cockroaches
  4 hobgoblins
  8 bats
  3 giant newts
  3 goblins
  3 kobolds
  4 rats (D:1)
32 creatures vanquished.

Vanquished Creatures (others)
  A bat skeleton (D:2)
1 creature vanquished.

Grand Total: 33 creatures vanquished

Notes
Turn   | Place    | Note
--------------------------------------------------------------
     0 | D:1      | Ololoev, the Mummy Necromancer, began the quest for the Orb.
     0 | D:1      | Reached XP level 1. HP: 13/13 MP: 3/3
   192 | D:1      | Reached XP level 2. HP: 19/19 MP: 5/5
   805 | D:1      | Learned a level 1 spell: Animate Skeleton
  1408 | D:2      | Reached XP level 3. HP: 11/24 MP: 6/6
  2068 | D:2      | Noticed Crazy Yiuf
  2075 | D:2      | Killed Crazy Yiuf
  2209 | D:3      | Demolished by an orc

Action                   || total
-------------------------++-------
Melee: Hand axe          ||    74
 Cast: Pain              ||     1
       Animate Skeleton  ||     7
 Stab: Sleeping          ||     3
       Distracted        ||     1
